 Dungeon Crawl Stone Soup version 0.29-a0-40-g8eb35efe60 (webtiles) character file.

Game seed: 2281094996676274913

23 robertstho the Sneak (level 2, 0/29 HPs)
             Began as a Troll Delver on Feb 1, 2022.
             Slain by a kobold brigand (5 damage)
             ... in a sewer.
             The game lasted 00:01:15 (274 turns).

robertstho the Sneak (Troll Delver)                  Turns: 274, Time: 00:01:16

Health: 0/29       AC:  4    Str: 19    XL:     2   Next: 75%
Magic:  1/1        EV:  9    Int:  6    God:
Gold:   0          SH:  0    Dex: 11    Spells: 1/1 levels left

rFire   . . .      SeeInvis .     - Unarmed
rCold   . . .      Faith    .   (no shield)
rNeg    . . .      Spirit   .   a - +0 robe
rPois   .          Reflect  .   (helmet restricted)
rElec   .          Harm     .   (no cloak)
rCorr   .          Rampage  .   (gloves unavailable)
Will    .....                   (boots unavailable)
Stlth   ++........              (no amulet)
HPRegen 0.89/turn               (no ring)
MPRegen 0.07/turn               (no ring)

@: very slow
A: large, unfitting armour, claws 3, regeneration 1, shaggy fur 1, tough skin 1
a: no special abilities


You were in a sewer.
You visited 1 branch of the dungeon, and saw 3 of its levels.
You also visited: Sewer.

Inventory:

Armour
 a - a +0 robe (worn)
Wands
 f - a wand of digging (3)
Scrolls
 b - a scroll of fog
 c - a scroll of magic mapping
 d - a scroll of fear
 h - a scroll of enchant weapon {unknown}
Potions
 e - a potion of haste
 g - a potion of might {unknown}


   Skills:
 * Level 2.7 Fighting
 + Level 1.5 Dodging
 + Level 3.0 Stealth
 * Level 2.3 Unarmed Combat


You had one spell level left.
You didn't know any spells.
Your spell library was empty.

Dungeon Overview and Level Annotations

Branches:
Dungeon (5/15)              Sewer (1/1)
 Temple: D:4-7

Altars:


Innate Abilities, Weirdness & Mutations

You are too large for most types of armour.
You have claws for hands.
Your natural rate of healing is unusually fast.
You are covered in fur. (AC +1)
You have tough skin. (AC +1)


Message History

The river rat is almost dead.
The river rat bites you.
You barely miss the river rat.
The river rat is almost dead.
The river rat bites you.
You claw the river rat!
You kill the river rat!
Your Stealth skill increases to level 3!
You start resting.
HP restored.
The kobold brigand shouts!
The kobold brigand hits you with a +0 club!
You miss the kobold brigand.
The kobold brigand hits you with a +0 club.
You closely miss the kobold brigand.
The kobold brigand hits you with a +0 club.
You barely miss the kobold brigand.
The kobold brigand hits you with a +0 club.
You closely miss the kobold brigand.
The kobold brigand hits you with a +0 club.
You miss the kobold brigand. The kobold brigand barely misses you.
You barely miss the kobold brigand. The kobold brigand barely misses you.
You scratch the kobold brigand but do no damage.
The kobold brigand hits you with a +0 club!
* * * LOW HITPOINT WARNING * * *
You scratch the kobold brigand.
The kobold brigand is lightly wounded.
The kobold brigand hits you with a +0 club.
* * * LOW HITPOINT WARNING * * *
You scratch the kobold brigand.
The kobold brigand is moderately wounded.
The kobold brigand hits you with a +0 club.
* * * LOW HITPOINT WARNING * * *
You claw the kobold brigand!
The kobold brigand is severely wounded.
The kobold brigand closely misses you.
You scratch the kobold brigand.
The kobold brigand is severely wounded.
The kobold brigand hits you with a +0 club.
You die...

#####
#K#.# #≈
≈#@#≈#
#≈
≈#≈#≈#
≈#≈#≈#†#
≈≈≈#≈≈≈#
#≈###≈##
#≈# #.#
#≈###≈#
#.≈≈≈≈#
##≈.≈##


You could see a kobold brigand.

Vanquished Creatures
  A river rat (Sewer)
  A worm (D:3)
  A ball python (D:3)
  An endoplasm (D:4)
  A goblin (D:3)
  4 quokkas (D:3)
  2 rats (D:3)
11 creatures vanquished.

Notes
Turn   | Place    | Note
-------+----------+-------------------------------------------
     0 | D:5      | robertstho the Troll Delver began the quest for the Orb.
     0 | D:5      | Reached XP level 1. HP: 22/22 MP: 0/0
    52 | D:4      | Noticed a jelly
   174 | D:3      | Reached XP level 2. HP: 29/29 MP: 1/1
   201 | D:3      | Found a glowing drain.
   205 | Sewer    | Entered a sewer
   228 | Sewer    | Noticed a kobold brigand
   240 | Sewer    | Reached skill level 3 in Stealth
   274 | Sewer    | Slain by a kobold brigand

Illustrated notes

Levels and vault maps discovered:
D:3:      layout_basic, gammafunk_ghost_mausoleum, gup_sewer_entry_spiral,
          saegor_snake_ambush
D:4:      corexii_shantytown, layout_basic, mainiacjoe_overflow_catwalk
D:5:      layout_gridville
Sewer:    sewer_co_tree

Skill      XL: |  1  2 |
---------------+-------+-----
Stealth        | 3 |  3.0
Fighting       | |  2.7
Dodging        | |  1.5
Unarmed Combat | |  2.3

Action                   || total
-------------------------++-------
Melee: Unarmed           ||    44
 Stab: Sleeping          ||     1
Armor: Robe              ||     7
Dodge: Dodged            ||     9

Table legend: (Time is in decaauts)
 A = Elapsed time spent in this place.
 B = Non-inter-level travel time spent in this place.
 C = Inter-level travel time spent in this place.
 D = Time resting spent in this place.
 E = Time spent auto-exploring this place.
 F = Levels seen in this place.
 G = Mean time per level.
                   A        B        C        D        E       F      G
               +--------+--------+--------+--------+--------+-----+--------+
         Total |    301 |    301 |      0 |     20 |     67 |   4 |   75.2 |
       Dungeon |    223 |    223 |      0 |      0 |     39 |   3 |   74.3 |
         Sewer |     78 |     78 |      0 |     20 |     28 |   1 |   78.0 |
               +--------+--------+--------+--------+--------+-----+--------+

Top non-repeatable levels by time:
     D:3: 116 daAuts
     D:4: 92 daAuts
   Sewer: 78 daAuts
     D:5: 14 daAuts
